 Dungeon Crawl Stone Soup version 0.20-a0-983-g35de22d (webtiles) character file.

752 Murumi the Covert (level 7, 0/60 HPs)
             Began as a Naga Enchanter on Apr 10, 2017.
             Was an Initiate of Cheibriados.
             Slain by Edmund
             ... wielding a +5 flail of venom
              (9 damage)
             ... on level 4 of the Dungeon.
             The game lasted 00:18:00 (5642 turns).

Murumi the Covert (Naga Enchanter)                  Turns: 5642, Time: 00:18:01

Health: 0/60       AC:  6    Str: 11    XL:     7   Next: 78%
Magic:  1/10       EV: 10    Int: 16    God:    Cheibriados [......]
Gold:   95         SH:  0    Dex: 18    Spells: 9/10 levels left

rFire    + . .     SeeInvis +   a - +2 dagger
rCold    + . .     Gourm    .   (no shield)
rNeg     . . .     Faith    .   g - +2 robe {rC+ rF+}
rPois    +         Spirit   .   (no helmet)
rElec    .         Reflect  .   (no cloak)
rCorr    .         Harm     .   e - +0 pair of gloves {Dex+3}
MR       .....                  (no barding)
Stlth    ++++++....             (no amulet)
Regen    0.2/turn               h - ring of stealth
MPRegen  0.2/turn               (no ring)

@: lethally poisoned (0 -> -2), short of breath, very slow
A: see invisible, deformed body, poison resistance, slowness 2, slow metabolism
1, spit poison 1, AC +2
a: Spit Poison, Bend Time, Renounce Religion


You were on level 4 of the Dungeon.
You worshipped Cheibriados.
Cheibriados was noncommittal.
You were not hungry.

You visited 1 branch of the dungeon, and saw 4 of its levels.

You collected 95 gold pieces.

Inventory:

Hand Weapons
 a - a +2 dagger (weapon)
Armour
 e - a +0 pair of gloves of dexterity (worn)
 g - a +2 robe of resistance (worn)
Jewellery
 h - a ring of stealth (left hand)
Scrolls
 b - a scroll of identify
Books
 c - a book of Maledictions

   Spells                             Type                      Level
   a - Corona                         Hexes                        1
   b - Ensorcelled Hibernation        Hexes/Ice                    2
   c - Confuse                        Hexes                        3
   d - Tukima's Dance                 Hexes                        3
   e - Dazzling Spray                 Conjuration/Hexes            3
Comestibles
 d - 3 bread rations
 f - 5 meat rations
 j - 7 fruits


   Skills:
 - Level 2.0 Fighting
 - Level 3.0 Short Blades
 - Level 2.0 Dodging
 + Level 11.8 Stealth
 - Level 2.0 Spellcasting
 - Level 3.0 Hexes


You had 9 spell levels left.
You knew the following spells:

 Your Spells              Type           Power        Failure   Level  Hunger
a - Corona                Hex            ##.....      8%          1    #......


Dungeon Overview and Level Annotations

Branches:
Dungeon (4/15)
 Temple: D:4-7

Altars:
Cheibriados
Hepliaklqana
Vehumet
Xom
Zin

Annotations:
D:4 Edmund, Robin


Innate Abilities, Weirdness & Mutations

You cannot wear boots.
Your serpentine skin is tough. (AC +2)
You have supernaturally acute eyesight. (SInv)
Armour fits poorly on your strangely shaped body.
Your system is resistant to poisons. (rPois)
You cover ground very slowly.
You have a slow metabolism.
You can spit poison.


Message History

You feel slightly more hungry.
You have got your breath back.
You feel sick.
You don't have enough magic at the moment.
You don't have enough magic at the moment.
Casting: Corona
Confirm with . or Enter, or press ? or * to list all spells.
You don't have enough magic to cast that spell.
Press: ? - help, Shift-Dir - straight line, f/p - Edmund
Aim: Edmund, wielding a flail of venom and wearing a ring mail (moderately wounded)
The splash of poison misses Edmund.
You feel slightly more hungry. Edmund hits you with a flail of venom!
* * * LOW HITPOINT WARNING * * *
You hit Edmund.
Edmund is moderately wounded.
You feel sick. Edmund hits you with a flail of venom.
* * * LOW HITPOINT WARNING * * *
You aren't carrying any potions.
Edmund hits you with a flail of venom!
You die...

..# ..# ... ..# . ..#
#.. ).#.# #.# ##..
.##.....#
#...##.....##.###.###
#....................
#....#g#......####.#..
###....#†..###.@@.......
.....gg.g.# ##.##.#.#..
######<)..# #.. ..
#..### ###. .# #.## #.
.. #.# .# .. #.# # . #..
##.


You could see Edmund.

Vanquished Creatures
  The ghost of Murumi the Covert, an amateur NaEn (D:3)
  Sigmund (D:3)
  A centaur (D:3)
  2 orc priests (D:3)
  An orc wizard (D:3)
  5 adders
  7 gnolls
  An ooze (D:4)
  A worm (D:3)
  6 dart slugs
  2 leopard geckos
  8 orcs (D:3)
  5 giant cockroaches
  11 hobgoblins
  A quokka (D:2)
  8 bats
  3 frilled lizards
  9 goblins
  10 kobolds
  12 rats
95 creatures vanquished.

Notes
Turn   | Place    | Note
-------+----------+-------------------------------------------
     0 | D:1      | Murumi the Naga Enchanter began the quest for the Orb.
     0 | D:1      | Reached XP level 1. HP: 15/15 MP: 3/3
   317 | D:1      | Reached skill level 5 in Stealth
   376 | D:1      | Reached XP level 2. HP: 22/22 MP: 5/5
  1058 | D:1      | Reached skill level 6 in Stealth
  1176 | D:1      | Reached XP level 3. HP: 28/28 MP: 6/6
  1577 | D:1      | Reached skill level 1 in Fighting
  1847 | D:2      | Reached XP level 4. HP: 27/38 MP: 7/7
  2327 | D:2      | Reached skill level 7 in Stealth
  2506 | D:2      | Found a hazy altar of Hepliaklqana.
  2578 | D:2      | Reached XP level 5. HP: 8/44 MP: 8/8
  2905 | D:2      | Found a shimmering altar of Xom.
  2905 | D:2      | Noticed a torpor snail
  2906 | D:2      | Noticed a torpor snail
  2906 | D:2      | Noticed a spectral ugly thing
  3031 | D:2      | Reached skill level 8 in Stealth
  3185 | D:3      | Noticed Sigmund
  3203 | D:3      | Killed Sigmund
  3203 | D:3      | Reached skill level 10 in Stealth
  3203 | D:3      | Reached XP level 6. HP: 9/51 MP: 9/9
  4116 | D:3      | Reached XP level 7. HP: 53/57 MP: 10/10
  4339 | D:3      | Found a snail-covered altar of Cheibriados.
  4339 | D:3      | Found a faded altar of an unknown god.
  4425 | D:3      | Noticed Murumi's ghost (amateur NaEn)
  4621 | D:4      | Noticed Robin
  4878 | D:3      | Found a faded altar of an unknown god.
  4881 | D:3      | Became a worshipper of Cheibriados the Contemplative
  4884 | D:3      | Found a glowing silver altar of Zin.
  4886 | D:3      | Found a radiant altar of Vehumet.
  5278 | D:4      | Noticed Edmund
  5405 | D:3      | Killed Murumi's ghost
  5405 | D:3      | Reached skill level 11 in Stealth
  5642 | D:4      | Slain by Edmund

Vault maps used:
D:1:      dpeg_arrival_subterranean_lakeside_camping
D:2:      regret_index_temple_of_mockery
D:3:      chequers_temple_overflow_minitemple, minmay_misc_feat_iff,
          hangedman_decor_diamond_cutter, uniq_sigmund
D:4:      cheibrodos_greedy_goblins, grunt_temple_overflow_bloody_war,
          serial_shops, shop, grunt_ministairs_12, uniq_robin, uniq_edmund,
          uniq_grinder

Skill      XL: |  1  2  3  4  5  6  7 |
---------------+----------------------+-----
Stealth        | 5 6 7 10 11 | 11.8
Dodging        | 2 |  2.0
Fighting       | 1 2 |  2.0
Short Blades   | 3 |  3.0
Spellcasting   | |  2.0
Hexes          | |  3.0

Action                   |  1- 3 |  4- 6 |  7- 9 || total
-------------------------+-------+-------+-------++-------
Melee: Dagger            |    80 |   132 |   168 ||   380
 Cast: Corona            |     2 |     5 |     9 ||    16
Invok: Bend Time         |       |       |     8 ||     8
 Abil: Spit Poison       |    10 |     8 |    11 ||    29
  Use: Scroll            |     3 |     5 |     4 ||    12
       Potion            |       |     7 |       ||     7
 Stab: Sleeping          |    12 |    17 |     3 ||    32
       Distracted        |     1 |     1 |       ||     2
  Eat: Chunk             |     2 |     7 |     2 ||    11
       Royal jelly       |       |       |     1 ||     1
       Fruit             |       |       |     1 ||     1
Armor: Robe              |    16 |    26 |    41 ||    83
Dodge: Dodged            |    33 |    83 |    45 ||   161
